 Dungeon Crawl Stone Soup version 0.16.1-11-g651b585 (webtiles) character file.

1367 Radiman the Digger (level 8, -5/41 HPs)
             Began as a Gargoyle Earth Elementalist on Mar 31, 2015.
             Was a Follower of Vehumet.
             Slain by an ice beast (13 damage)
             ... on level 6 of the Dungeon.
             The game lasted 00:33:59 (7065 turns).

Radiman the Digger (Gargoyle Earth Elementalist)    Turns: 7065, Time: 00:33:59

Health: -5/41      AC:  8    Str: 12    XL:     8   Next: 65%
Magic:  18/22      EV: 12    Int: 18    God:    Vehumet [*.....]
Gold:   233        SH:  0    Dex: 10    Spells: 4 memorised, 9 levels left

rFire  . . .     SeeInvis .     q - +0 flail
rCold  . . .     Clarity  .     c - +1 robe
rNeg   + . .     SustAb   .     (no shield)
rPois  ∞         Gourm    .     (no helmet)
rElec  +         Spirit   .     (no cloak)
rCorr  .         Warding  .     (no gloves)
rMut   .         Stasis   .     (no boots)
MR     .....                    (no amulet)
Stlth  ++........               (no ring)
                                (no ring)

@: not resistant to hostile enchantments, unstealthy
A: negative energy resistance 1, electricity resistance, unbreathing,
petrification resistance, rot immunity, AC +5
a: Renounce Religion


You were on level 6 of the Dungeon.
You worshipped Vehumet.
Vehumet was aware of your devotion.
You were not hungry.

You visited 2 branches of the dungeon, and saw 7 of its levels.

You collected 233 gold pieces.

Inventory:

Hand weapons
 q - a +0 flail (weapon)
 u - a +3 dire flail of protection
Missiles
 b - 165 stones (quivered)
Armour
 c - a +1 robe (worn)
Jewellery
 t - a cursed ring of loudness {unknown}
Magical devices
 p - a wand of draining (4)
 r - a wand of fire (5)
Scrolls
 i - a scroll of amnesia
Potions
 e - a potion of might {unknown}
 g - 4 potions of curing {unknown}
 h - 2 potions of flight {unknown}
 l - a potion of heal wounds {unknown}
 o - a potion of magic {unknown}
 s - 2 potions of poison {unknown}
Books
 d - a book of Geomancy

   Spells                             Type                      Level
   a - Sandblast                      Earth                        1
   b - Stoneskin                      Transmutation/Earth          2
   c - Passwall                       Transmutation/Earth          3
   d - Stone Arrow                    Conjuration/Earth            3
   e - Petrify                        Transmutation/Earth          4
   f - Lee's Rapid Deconstruction     Earth                        5
Comestibles
 a - 5 bread rations
 j - 2 meat rations
 k - a royal jelly
 m - a slice of pizza
 n - 4 fruits


   Skills:
 - Level 1.5 Dodging
 - Level 2.1 Stealth
 * Level 6.8 Spellcasting
 + Level 5.1 Conjurations
 - Level 0.7 Transmutations
 + Level 7.6 Earth Magic


You had 9 spell levels left.
You knew the following spells:

 Your Spells              Type           Power        Failure   Level  Hunger
a - Sandblast             Erth           ####..       1%          1    None
b - Stoneskin             Trmt/Erth      ###.....     3%          2    None
c - Stone Arrow           Conj/Erth      ####..       2%          3    ##.....
d - Lee's Rapid Deconstr  Erth           ####......   17%         5    #####..


Dungeon Overview and Level Annotations

Branches:
Dungeon (6/15)             Temple (1/1) D:4

Altars:
Ashenzari
Cheibriados
Dithmenos
Fedhas
Gozag
Makhleb
Okawaru
Qazlal
Ru
Sif Muna
Trog
Vehumet
Xom
Zin
The Shining One


Innate Abilities, Weirdness & Mutations

You are resistant to torment.
You are immune to poison.
Your stone body is very resilient (AC +5).
You resist negative energy.
You are resistant to electric shocks.
You can survive without breathing.
You are immune to petrification.
You are immune to rotting.


Message History

Confirm with . or Enter, or press ? or * to list all spells.
Aiming: Sandblast
Press: ? - help, Shift-Dir - straight line, f/p - ice beast
Aim: an ice beast (moderately wounded)
The blast of sand hits the ice beast.
The ice beast is moderately wounded.
The ice beast hits you. The ice beast freezes you!
Casting: Sandblast
Confirm with . or Enter, or press ? or * to list all spells.
Aiming: Sandblast
Press: ? - help, Shift-Dir - straight line, f/p - ice beast
Aim: an ice beast (moderately wounded)
The blast of sand hits the ice beast.
The ice beast is moderately wounded.
The ice beast hits you. The ice beast freezes you!
* * * LOW HITPOINT WARNING * * *
The ice beast hits you.
* * * LOW HITPOINT WARNING * * *
The ice beast freezes you!
You die...

#######
#....@#
#....Y..#
..........#
#.........#
#.........#
.........#
........#
.>..>..#
...


You could see an ice beast.

Vanquished Creatures
  2 soldier ants (D:5)
  The ghost of Alarkh the Sneak, an average SpEn of Nemelex Xobeh (D:3)
  A phantom (D:5)
  4 ogres
  A centaur (D:5)
  A scorpion (D:4)
  A goliath beetle (D:5)
  A centaur zombie (D:5)
  2 orc priests (D:2)
  An iguana (D:5)
  A hound (D:4)
  An orc wizard (D:3)
  2 worker ants (D:5)
  A hound skeleton (D:5)
  4 gnolls (D:3)
  4 adders
  4 giant mites
  A worm (D:4)
  An adder zombie (D:5)
  2 giant geckos (D:3)
  11 orcs
  11 bats
  2 bat skeletons
  8 giant cockroaches
  15 goblins
  10 hobgoblins
  8 jackals
  2 quokkas
  3 ball pythons
  5 giant newts
  5 kobolds
  7 rats
  A butterfly (D:5)
124 creatures vanquished.

Notes
Turn   | Place    | Note
--------------------------------------------------------------
     0 | D:1      | Radiman, the Gargoyle Earth Elementalist, began the quest for the Orb.
     0 | D:1      | Reached XP level 1. HP: 10/10 MP: 3/3
   152 | D:1      | Reached XP level 2. HP: 15/15 MP: 1/4
   452 | D:2      | Reached skill level 4 in Earth Magic
   580 | D:2      | Learned a level 2 spell: Stoneskin
   637 | D:2      | Reached XP level 3. HP: 8/19 MP: 0/6
   863 | D:2      | Learned a level 3 spell: Stone Arrow
  1610 | D:3      | Noticed Alarkh's ghost (average SpEn)
  1951 | D:3      | Reached XP level 4. HP: 24/24 MP: 7/9
  1965 | D:3      | Found an iron altar of Okawaru.
  1982 | D:3      | Found a shadowy altar of Dithmenos.
  2119 | D:3      | Reached skill level 1 in Conjurations
  2360 | D:3      | Killed Alarkh's ghost
  2360 | D:3      | Reached skill level 5 in Earth Magic
  2360 | D:3      | Reached XP level 5. HP: 16/28 MP: 0/11
  3285 | D:2      | Reached XP level 6. HP: 29/32 MP: 11/15
  3439 | D:3      | Found an opulent altar of Gozag.
  3560 | D:3      | Learned a level 5 spell: Lee's Rapid Deconstruction
  3975 | D:4      | Reached skill level 6 in Earth Magic
  3975 | D:4      | Reached XP level 7. HP: 4/36 MP: 2/18
  4263 | D:4      | Reached skill level 5 in Spellcasting
  4417 | D:4      | Found a staircase to the Ecumenical Temple.
  4430 | Temple   | Entered the Ecumenical Temple
  4460 | Temple   | Became a worshipper of Vehumet
  4738 | D:5      | Entered Level 5 of the Dungeon
  4930 | D:5      | Reached XP level 8. HP: 5/41 MP: 11/20
  5591 | D:5      | Reached skill level 7 in Earth Magic
  5856 | D:5      | Found a runed door.
  5976 | D:5      | Found a runed door.
  6827 | D:5      | Reached skill level 5 in Conjurations
  6859 | D:5      | Acquired Vehumet's first power
  6859 | D:5      | Offered knowledge of Flame Tongue by Vehumet.
  7065 | D:6      | Slain by an ice beast

Action                   |  1- 3 |  4- 6 |  7- 9 || total
-------------------------+-------+-------+-------++-------
Melee: Whip              |    42 |       |       ||    42
       Flail             |     5 |    67 |     6 ||    78
 Cast: Sandblast         |    79 |   134 |   186 ||   399
  Use: Scroll            |     7 |       |     1 ||     8
  Eat: Chunk             |     3 |     6 |     7 ||    16
       Fruit             |       |     1 |     3 ||     4
